 Dungeon Crawl Stone Soup version 0.30-a0-845-g7c6808c8ce (webtiles) character file.

Game seed: 3653394536097969933

994 Monkooky the Slicer (level 7, -10/52 HPs)
             Began as a Vampire Delver on Mar 2, 2023.
             Was a Follower of Uskayaw.
             Mangled by an ice beast (12 damage)
             ... on level 5 of the Dungeon.
             The game lasted 00:14:15 (3777 turns).

Monkooky the Slicer (Vampire Delver)                Turns: 3777, Time: 00:14:16

Health: -10/52     AC:  8    Str: 11    XL:     7   Next: 99%
Magic:  4/8        EV: 11    Int: 18    God:    Uskayaw [*.....]
Gold:   114        SH:  0    Dex: 18    Spells: 6/6 levels left

rFire   + . .      SeeInvis +    e - +2 dagger (venom)
rCold   . . .      Faith    .    (no shield)
rNeg    . . .      Spirit   .    D - +0 ring mail {rF+}
rPois   .          Reflect  .    I - +1 helmet
rElec   .          Rampage  .    (no cloak)
rCorr   .                        (no gloves)
Will    .....                    x - +0 pair of boots
Stlth   +++                      E - amulet of the acrobat
HPRegen 0.48/turn                o - +4 ring of slaying
MPRegen 0.11/turn                q - +6 ring of intelligence

@: attractive, healing quickly
A: alive, fangs 3, see invisible, vampiric 2
a: Exsanguinate, Renounce Religion, Stomp


You were on level 5 of the Dungeon.
You worshipped Uskayaw.
Uskayaw was noncommittal.
You visited 1 branch of the dungeon, and saw 5 of its levels.

You collected 303 gold pieces.
You spent 189 gold pieces at shops.

Inventory:

Hand Weapons
 a - a +0 short sword
 e - a +2 dagger of venom (weapon)
 h - the +3 mace of Dithmenos's Vengeance {drain, Fly}
   (You found it on level 5 of the Dungeon)

   Fly:       It grants you flight.
 v - a +0 rapier
Armour
 b - a +0 leather armour
 f - a +0 leather armour of fire resistance
 x - a +0 pair of boots (worn)
 D - a +0 ring mail of fire resistance (worn)
 G - a +0 ring mail of cold resistance
 I - a +1 helmet (worn)
Jewellery
 o - a +4 ring of slaying (left hand)
 q - a +6 ring of intelligence (right hand)
 E - an amulet of the acrobat (around neck)
Wands
 d - a wand of quicksilver (8)
 g - a wand of digging (3)
Scrolls
 c - a scroll of fog
 j - 2 scrolls of amnesia {unknown}
 k - a scroll of poison {unknown}
 n - 3 scrolls of identify {unknown}
 p - a scroll of blinking {unknown}
 u - 2 scrolls of fear
 y - a scroll of vulnerability {unknown}
 A - a scroll of teleportation {unknown}
 C - a scroll of butterflies {unknown}
 H - 2 scrolls of immolation {unknown}
Potions
 i - 2 potions of curing {unknown}
 l - a potion of invisibility {unknown}
 m - 4 potions of haste
 r - a potion of flight {unknown}
 s - a potion of might {unknown}
 t - 2 potions of attraction
 w - 2 potions of magic {unknown}
 z - a potion of berserk rage {unknown}
 B - a potion of mutation {unknown}
 F - a potion of ambrosia {unknown}


   Skills:
 - Level 3.0 Fighting
 + Level 9.5 Short Blades
 - Level 2.7 Dodging
 - Level 7.6 Stealth
 - Level 2.0 Invocations


You had 6 spell levels left.
You didn't know any spells.
Your spell library contained the following spells:

 Spells                   Type           Power      Damage    Failure   Level
 Sting                    Tmut/Pois      0%         1d3       47%         1
 Summon Small Mammal      Summ           0%         N/A       47%         1
 Lesser Beckoning         Tloc           0%         N/A       63%         2
 Poisonous Vapours        Pois/Air       0%         N/A       63%         2
 Call Canine Familiar     Summ           0%         N/A       85%         3
 Gell's Gravitas          Tloc           0%         N/A       85%         3
 Summon Guardian Golem    Hex/Summ       0%         N/A       85%         3
 Teleport Other           Tloc           0%         N/A       85%         3
 Olgreb's Toxic Radiance  Pois           0%         N/A       99%         4
 Freezing Cloud           Conj/Ice/Air   0%         6-21      100%        5
 Simulacrum               Ice/Necr       0%         N/A       100%        6
 Polar Vortex             Ice            0%         N/A       100%        9


Dungeon Overview and Level Annotations

Branches:
Dungeon (5/15)             Temple (0/1) D:5

Altars:
Hepliaklqana
Uskayaw

Shops:
D:3 **   D:4 ?


Innate Abilities, Weirdness & Mutations

Your natural rate of healing is accelerated.
You have razor-sharp teeth.
You have supernaturally acute eyesight. (SInv)
You are afflicted with vampirism and can become a bat while bloodless.


Message History

The ice beast attacks as you move away!
The ice beast hits you but does no damage.
You feel sick.
You are no longer poisoned.
You hit the ice beast.
The ice beast is lightly wounded.
You closely miss the ice beast.
You punch the ice beast, but do no damage.
The ice beast is lightly wounded.
The ice beast hits you. The ice beast freezes you!
* * * LOW HITPOINT WARNING * * *
It was a potion of attraction.
You feel attractive to monsters. The ice beast hits you.
* * * LOW HITPOINT WARNING * * *
The ice beast freezes you!
* * * LOW HITPOINT WARNING * * *
The white imp is attracted toward you.
Aiming: Line Pass
Press: ? - help, Dir - move target The ice beast appears confused.
The white imp appears confused.
The ice beast hits the white imp but does no damage.
The white imp is attracted toward you.
The white imp hits the ice beast.
The white imp freezes the ice beast.
The ice beast completely resists.
The white imp hits itself.
The white imp is attracted toward you. The ice beast is attracted toward you.
The white imp seems less confused.
The ice beast seems less confused.
The white imp is attracted toward you.
You can no longer pass through a line of other dancers.
The white imp attacks as you move away! The white imp misses you.
Okay, then.
Aiming: Quicksilver Bolt
Press: ? - help, Shift-Dir - straight line, f - ice beast
Aim: an ice beast (lightly wounded, 71% to hit)
The bolt of dispelling energy hits the ice beast!
The ice beast is severely wounded.
The ice beast hits you.
* * * LOW HITPOINT WARNING * * *
The ice beast freezes you!
You die...

_..'.##..###.##................#*
...#..#..##...|.###.............*
...#............##..............,
####............###..#..........,
..........####.......#..........,
..........###..#.##..#..........,
.....).)...#..####.....#....##..,
.#..)>........###..#.........#,,,
.##.)).......§.#@.###..#........,
...............Y....#......###..,
........##....##.##.........***.,
..†.....##...##...##........#***,
........###..#.###.#.........*,,,
........)....#..)..#.#........,,,
.......#.....#.###.#.#*.,,,,,,,,,
.......##..#.##...##.#*,**,,**,,,
....##.##.#.,,**.#*,,#,,,,,,*,,,,


You could see an ice beast.

Vanquished Creatures
  2 ice beasts (D:4)
  3 scorpions
  3 jellies
  4 orc priests
  2 hounds (D:4)
  2 orc wizards (D:3)
  6 adders
  9 gnolls
  A white imp (D:5)
  2 worms
  3 dart slugs
  25 orcs
  7 ball pythons
  7 bats
  8 endoplasms
  5 giant cockroaches
  10 goblins
  9 hobgoblins
  4 jackals (D:5)
  2 frilled lizards
  11 kobolds
  8 rats
133 creatures vanquished.

Vanquished Creatures (others)
  An orc wizard (D:4)
1 creature vanquished.

Grand Total: 134 creatures vanquished

Notes
Turn   | Place    | Note
-------+----------+-------------------------------------------
     0 | D:5      | Monkooky the Vampire Delver began the quest for the Orb.
     0 | D:5      | Reached XP level 1. HP: 17/17 MP: 1/1
    11 | D:5      | Noticed a scorpion
    17 | D:5      | Became a worshipper of Uskayaw the Reveller
    27 | D:5      | Found a staircase to the Ecumenical Temple.
    32 | D:5      | Noticed a jelly
    35 | D:5      | Killed a jelly
    35 | D:5      | Reached * piety under Uskayaw
    36 | D:5      | Reached XP level 2. HP: 19/19 MP: 2/2
    36 | D:5      | Gained mutation: You are afflicted with vampirism and can
                  | become a bat while bloodless. [Vampire growth]
    36 | D:5      | Reached XP level 3. HP: 23/23 MP: 3/3
    43 | D:5      | Identified the +3 mace of Dithmenos's Vengeance {drain,
                  | Fly}
   103 | D:4      | Found Ysiliupn's Magic Scroll Shop.
   104 | D:4      | Noticed an ice beast
   290 | D:3      | Reached ** piety under Uskayaw
   291 | D:3      | Reached XP level 4. HP: 17/28 MP: 3/5
   293 | D:3      | Reached *** piety under Uskayaw
   294 | D:3      | Reached **** piety under Uskayaw
   300 | D:3      | Reached skill level 3 in Short Blades
   333 | D:3      | Found Zin's Purification Station.
   511 | D:3      | Found Eteebobu's Assorted Antiques.
   800 | D:2      | Reached skill level 4 in Short Blades
   822 | D:2      | Reached XP level 5. HP: 17/36 MP: 6/6
  1121 | D:1      | Found a faded altar of an unknown god.
  2220 | D:3      | Reached skill level 5 in Short Blades
  2350 | D:3      | Reached XP level 6. HP: 42/42 MP: 7/7
  2548 | D:3      | Reached skill level 6 in Short Blades
  2786 | D:3      | Bought a scroll labelled VACEAPTALATS for 25 gold pieces
  2786 | D:3      | Bought a white potion for 22 gold pieces
  2786 | D:3      | Bought 2 emerald potions for 45 gold pieces
  2786 | D:3      | Bought a bubbling grey potion for 22 gold pieces
  2920 | D:4      | Bought a scroll of enchant weapon for 75 gold pieces
  3071 | D:4      | Reached skill level 7 in Short Blades
  3117 | D:4      | Reached XP level 7. HP: 52/52 MP: 8/8
  3288 | D:4      | Found a hazy altar of Hepliaklqana.
  3312 | D:4      | Reached skill level 8 in Short Blades
  3643 | D:5      | Reached skill level 9 in Short Blades
  3750 | D:5      | Found the +8 longbow "Zephyr" {speed, Dex+3 SInv}
  3772 | D:5      | HP: 1/52 [ice beast (7)]
  3777 | D:5      | HP: 2/52 [ice beast (2)]
  3777 | D:5      | Mangled by an ice beast

Illustrated notes

Levels and vault maps discovered:
D:1:      dpeg_arrival_renting, layout_rooms, ebering_ecumenical_altar_rust,
          minmay_door_square
D:2:      layout_basic, st_stairs_11
D:3:      layout_rooms, zin_purify, portal_sewer_entry_b, serial_shops,
          nicolae_shop_crystal
D:4:      minmay_chambers_of_fours, layout_basic,
          mainiacjoe_overflow_six_doors_small, serial_shops, shop
D:5:      layout_cave_pools, amcnicky_altar_gilded, kennysheep_mini_moat,
          minmay_temple_entry_trees, minmay_checkerbox

Skill      XL: |  1  2  3  4  5  6  7 |
---------------+----------------------+-----
Fighting       | 3 |  3.0
Invocations    | 2 |  2.0
Short Blades   | 4 5 7 9 |  9.5
Dodging        | |  2.7
Stealth        | |  7.6

Action                     |  1- 3 |  4- 6 |  7- 9 || total
---------------------------+-------+-------+-------++-------
  Melee: Short sword       |    32 |     7 |       ||    39
         Bite              |     6 |    18 |    12 ||    36
         Punch             |     1 |     2 |     3 ||     6
         Dagger            |       |   202 |    70 ||   272
 Invoke: Stomp             |       |     3 |     2 ||     5
         Line Pass         |       |     2 |     1 ||     3
Ability: Exsanguinate      |     1 |       |       ||     1
         End Transformatio |     1 |       |       ||     1
         Bat Form          |     1 |       |       ||     1
         Revivify          |       |     1 |       ||     1
  Evoke: Wand              |     1 |     1 |     1 ||     3
    Use: Scroll            |     2 |     2 |       ||     4
         Potion            |     1 |       |     1 ||     2
   Stab: Sleeping          |     2 |    20 |     2 ||    24
         Paralysed         |       |     1 |     5 ||     6
         Confused          |       |     1 |       ||     1
 Armour: Leather armour    |    11 |    26 |       ||    37
         Ring mail         |       |       |    11 ||    11
  Dodge: Dodged            |    36 |   126 |    19 ||   181

Table legend: (Time is in decaauts)
 A = Elapsed time spent in this place.
 B = Non-inter-level travel time spent in this place.
 C = Inter-level travel time spent in this place.
 D = Time resting spent in this place.
 E = Time spent auto-exploring this place.
 F = Levels seen in this place.
 G = Mean time per level.
                   A        B        C        D        E       F      G
               +--------+--------+--------+--------+--------+-----+--------+
         Total |   3659 |   3456 |    203 |    330 |   1922 |   5 |  731.8 |
       Dungeon |   3659 |   3456 |    203 |    330 |   1922 |   5 |  731.8 |
               +--------+--------+--------+--------+--------+-----+--------+

Top non-repeatable levels by time:
     D:3: 945 daAuts
     D:4: 909 daAuts
     D:2: 861 daAuts
     D:1: 637 daAuts
     D:5: 306 daAuts
